Map: Thunderbird LE

Players

PtitDrogo - Winner!

  • Race: Protoss Protoss
  • Spawn Location: 11:00

Scarlett

  • Race: Zerg Zerg
  • Spawn Location: 5:00

Event: 2019 WCS Summer

VOD

Have the link to the VOD?

Description

Time

  • Played on: July 12, 2019, 2:01 p.m.
  • Length: 8:21

All games in this series

Show
View Real Time Build Order
Export as new Build Order

PtitDrogo Protoss - Winner!

Build Orders: 1 Gate Expand, Oracle Opening, Zealot Archon 

Get SALT Encoding   

  12  0:00  Probe  
  13  0:13  Probe  
  14  0:19  Pylon  
  14  0:25  Probe  
  15  0:33  Probe  
  15  0:40  Gateway  
  15  0:41  Probe  
  16  0:47  Assimilator  
  17  0:52  Probe  
  18  1:04  Probe  
  19  1:16  Probe  
  20  1:28  Nexus  
  20  1:34  Cybernetics Core  
  20  1:37  Probe  
  21  1:44  Assimilator  
  21  1:49  Probe  
  21  1:52  Pylon  
  22  2:01  Probe  
  23  2:02  Adept  
  23  2:13  Probe  
  26  2:17  Stargate  
  26  2:25  Probe  
  26  2:27  Warp Gate  
  27  2:34  Probe  
  27  2:35  Stalker  
  27  2:36  Probe  
  29  2:42  Probe  
  29  2:44  Probe  
  33  2:51  Probe  
  33  2:54  Probe  
  33  2:56  Oracle  
  35  3:03  Probe  
  39  3:06  Probe  
  40  3:15  Probe  
  40  3:18  Probe  
  42  3:24  Pylon  
  42  3:28  Probe, Oracle  
  44  3:38  Nexus  
  46  3:42  Probe x2  
  46  3:45  Gateway  
  48  3:54  Probe  
  48  3:55  Assimilator  
  49  3:56  Probe  
  49  3:57  Assimilator  
  49  3:58  Pylon  
  50  4:03  Oracle  
  50  4:07  Probe  
  54  4:21  Probe x2  
  56  4:25  Robotics Facility  
  56  4:33  Probe x2  
  56  4:37  Forge, Twilight Council  
  58  4:45  Probe x2  
  59  4:48  Gateway  
  59  4:49  Charge, Gateway  
  59  4:52  Probe, Gateway  
  61  4:54  Protoss Ground Weapons Level 1  
  61  4:59  Gateway  
  61  5:00  Gateway  
  61  5:19  Templar Archives  
  61  5:20  Gateway  
  61  5:21  Gateway  
  61  5:23  Pylon  
  61  5:27  Warp Prism  
  63  5:38  Pylon  
  63  5:39  Pylon  
  63  5:42  Zealot x2, Shield Battery  
  63  5:46  Zealot  
  69  5:57  Zealot x2  
  69  5:58  Zealot  
  69  6:02  Probe  
  76  6:09  High Templar x2  
  76  6:10  Zealot  
  82  6:13  Archon  
  82  6:18  Zealot x5  
  82  6:20  Probe  
  93  6:37  Probe  
  89  6:40  Pylon x2  
  89  6:42  Pylon  
  89  6:44  Zealot x5  
  87  6:49  Zealot x2  
  87  6:53  Zealot  
  86  6:55  Probe  
  86  6:56  Probe  
  86  7:00  Probe  
  85  7:04  Zealot x2  
  79  7:10  Probe  
  79  7:12  Zealot x2  
  78  7:17  High Templar x3  
  78  7:18  High Templar  
  83  7:22  Archon  
  83  7:24  Probe, Archon  
  83  7:26  Probe x2  
  86  7:36  Probe, High Templar x4  
  95  7:40  Archon  
  95  7:45  Pylon  
  95  7:48  Archon  
  95  7:52  Probe  
  96  7:58  Probe  
  96  8:02  Zealot x4  
  105  8:08  Zealot x4  
Show
View Real Time Build Order
Export as new Build Order

Scarlett Zerg 

Build Orders: Hatch First 

Get SALT Encoding   

  12  0:00  Drone  
  13  0:12  Overlord  
  13  0:16  Drone  
  14  0:30  Drone  
  14  0:31  Drone  
  17  0:35  Drone  
  17  0:50  Hatchery  
  17  0:53  Drone  
  17  0:57  Drone  
  18  1:08  Extractor  
  18  1:11  Spawning Pool  
  16  1:14  Drone  
  16  1:18  Drone  
  18  1:28  Drone  
  19  1:39  Drone  
  20  1:44  Hatchery  
  19  1:50  Drone  
  21  2:01  Drone  
  21  2:04  Drone, Queen  
  24  2:13  Queen  
  26  2:19  Overlord  
  26  2:24  Drone  
  26  2:25  Drone  
  28  2:30  Metabolic Boost  
  28  2:37  Zergling x4  
  28  2:39  Drone  
  28  2:43  Drone  
  32  2:45  Drone  
  32  2:49  Queen  
  35  2:54  Drone  
  37  2:58  Drone x2  
  37  3:04  Queen  
  40  3:12  Spore Crawler  
  40  3:14  Overlord  
  40  3:15  Drone x2  
  40  3:17  Drone  
  43  3:24  Overlord  
  43  3:28  Lair  
  43  3:33  Drone x5  
  48  3:35  Overlord  
  48  3:41  Overlord  
  48  3:43  Spore Crawler  
  48  3:46  Drone x2  
  48  3:48  Overlord  
  49  3:52  Drone  
  50  3:56  Spore Crawler  
  50  3:57  Drone x2  
  50  3:59  Drone  
  50  4:00  Drone  
  53  4:04  Evolution Chamber  
  53  4:08  Drone x4  
  56  4:15  Spore Crawler  
  52  4:18  Drone x5  
  52  4:22  Queen  
  59  4:25  Drone x2  
  59  4:30  Spore Crawler  
  60  4:34  Zerg Melee Weapons Level 1  
  60  4:38  Drone  
  60  4:39  Drone x2, Overlord  
  60  4:43  Queen  
  65  4:47  Overlord  
  65  4:53  Zergling x10  
  65  4:57  Queen  
  72  5:03  Nydus Network  
  71  5:09  Zergling x14  
  76  5:16  Zergling x2  
  76  5:17  Zergling x6  
  76  5:20  Zergling x12  
  86  5:27  Queen  
  88  5:28  Overlord  
  88  5:35  Extractor  
  87  5:40  Nydus Canal  
  87  5:42  Zergling x6  
  90  5:48  Zergling x2  
  90  5:49  Zergling x10  
  96  5:50  Zergling x4  
  96  5:54  Nydus Canal  
  97  6:05  Zergling x4  
  97  6:06  Nydus Canal  
  96  6:15  Zergling x2  
  96  6:16  Nydus Canal  
  96  6:18  Zergling x4  
  97  6:20  Overlord  
  97  6:21  Queen  
  97  6:22  Hatchery, Queen x2  
  97  6:24  Zergling x2  
  92  6:35  Zergling x2, Nydus Canal  
  92  6:36  Zergling x12  
  92  6:39  Zergling x8  
  98  6:42  Zergling x2  
  92  6:50  Zergling x6  
  92  6:54  Zergling x4  
  87  6:56  Queen  
  87  6:57  Queen  
  87  6:58  Queen  
  89  7:05  Zergling x6  
  83  7:08  Zergling x2  
  83  7:12  Zergling x2  
  83  7:14  Drone x3  
  83  7:15  Drone  
  75  7:18  Nydus Canal  
  75  7:22  Drone x2  
  74  7:24  Extractor  
  74  7:25  Drone, Extractor  
  74  7:27  Extractor  
  74  7:29  Drone, Extractor  
  76  7:30  Drone x5  
  76  7:32  Drone  
  76  7:33  Queen  
  76  7:35  Hydralisk Den  
  76  7:36  Extractor  
  77  7:41  Drone x3  
  77  7:42  Drone x2  
  82  7:47  Drone, Overlord  
  82  7:48  Drone  
  82  7:50  Baneling Nest  
  83  7:56  Drone  
  84  8:03  Spine Crawler  
Tags
 
Add a new tag
Caveats
  • Supply blocks, unpowered buildings, or Contaminate may cause inaccurate times.
  • Supply counts are checked every 10 seconds.